 Dungeon Crawl Stone Soup version 0.30-a0-585-g93115170b9 (webtiles) character file.

Game seed: 16003629956200332919

21191 wormed the Nimble (level 12, -7/98 HPs)
             Began as a Gnoll Monk on Jan 2, 2023.
             Was the Champion of Cheibriados.
             Mangled by a catoblepas (12 damage)
             ... while petrified by a catoblepas
             ... on level 3 of the Lair of Beasts.
             The game lasted 00:31:44 (14082 turns).

wormed the Nimble (Gnoll Monk)                     Turns: 14082, Time: 00:31:44

Health: -7/98      AC: 12    Str: 28    XL:     12   Next: 87%
Magic:  22/24      EV:  2    Int: 25    God:    Cheibriados [******]
Gold:   857        SH:  0    Dex: 35    Spells: 15/27 levels left

rFire   + . .      SeeInvis .    v - +1 long sword (flame)
rCold   . . .      Faith    .    s - +0 kite shield
rNeg    + + +      Spirit   .    A - +1 troll leather armour
rPois   ∞          Reflect  .    z - +0 helmet
rElec   .          Harm     .    k - +0 cloak
rCorr   +          Rampage  .    m - +2 pair of gloves
Will    .....                    (no boots)
Stlth   +++++                    (no amulet)
HPRegen 1.16/turn                a - ring of the Piercing Gods {rPois rF+ rCorr Str+3}
MPRegen 0.19/turn                o - +4 ring of slaying

@: petrified, very slow
A: fangs 1, strong nose, distributed training
a: Renounce Religion, Bend Time, Temporal Distortion, Slouch, Step From Time


You were on level 3 of the Lair of Beasts.
You worshipped Cheibriados.
Cheibriados was exalted by your worship.
You visited 3 branches of the dungeon, and saw 15 of its levels.

You collected 857 gold pieces.

Inventory:

Hand Weapons
 v - a +1 long sword of flaming (weapon)
Missiles
 r - 4 silver javelins (quivered)
Armour
 k - a +0 cloak (worn)
 m - a +2 pair of gloves (worn)
 s - a +0 kite shield (worn)
 z - a +0 helmet (worn)
 A - a +1 troll leather armour (worn)
Jewellery
 a - the ring of the Piercing Gods (left hand) {rPois rF+ rCorr Str+3}
   (You acquired it on level 6 of the Dungeon)

   [ring of protection from fire]

   Str:       It affects your strength (+3).
   rF:        It protects you from fire.
   rPois:     It protects you from poison.
   rCorr:     It protects you from acid and corrosion.
 o - a +4 ring of slaying (right hand)
 E - a +6 ring of dexterity
Wands
 b - a wand of iceblast (24)
 h - a wand of mindburst (15)
 D - a wand of flame (6)
Scrolls
 c - a scroll of fog
 d - 3 scrolls of noise
 i - a scroll of torment
 l - 3 scrolls of identify
 p - 2 scrolls of teleportation
 t - 4 scrolls of fear
 w - a scroll of magic mapping
 y - a scroll of amnesia
 C - a scroll of enchant weapon
Potions
 e - 3 potions of brilliance
 f - a potion of berserk rage
 g - 2 potions of flight
 j - a potion of heal wounds
 n - 3 potions of degeneration
 q - 2 potions of lignification
 u - 4 potions of curing
 x - a potion of attraction
 B - a potion of cancellation
 F - a potion of might


   Skills:
 + Level 10.4 Fighting
 + Level 8.0 Short Blades
 + Level 10.4 Long Blades
 + Level 8.0 Axes
 + Level 8.0 Maces & Flails
 + Level 8.0 Polearms
 + Level 8.0 Staves
 + Level 8.0 Ranged Weapons
 + Level 8.0 Throwing
 + Level 8.0 Armour
 + Level 10.4 Dodging
 + Level 9.1 Stealth
 + Level 8.0 Shields
 + Level 8.0 Unarmed Combat
 + Level 8.0 Spellcasting
 + Level 6.6 Conjurations
 + Level 6.6 Hexes
 + Level 6.6 Summonings
 + Level 6.6 Necromancy
 + Level 6.6 Translocations
 + Level 6.6 Transmutations
 + Level 6.6 Fire Magic
 + Level 6.6 Ice Magic
 + Level 6.6 Air Magic
 + Level 6.6 Earth Magic
 + Level 6.6 Poison Magic
 + Level 8.7 Invocations
 + Level 8.0 Evocations


You had 15 spell levels left.
You knew the following spells:

 Your Spells              Type           Power      Damage    Failure   Level
a - Call Canine Familiar  Summ           43%        N/A       3%          3
b - Lesser Beckoning      Tloc           86%        N/A       3%          3
c - Gell's Gravitas       Tloc           43%        N/A       3%          3
d - Stone Arrow           Conj/Erth      86%        3d12      3%          3

Your spell library contained the following spells:

 Spells                   Type           Power      Damage    Failure   Level
 Apportation              Tloc           86%        N/A       1%          1
 Summon Small Mammal      Summ           100%       N/A       1%          1
 Summon Guardian Golem    Hex/Summ       43%        N/A       3%          3
 Teleport Other           Tloc           43%        N/A       3%          3
 Tukima's Dance           Hex            43%        N/A       3%          3
 Animate Armour           Summ/Erth      86%        N/A       11%         4
 Passage of Golubria      Tloc           43%        N/A       11%         4
 Alistair's Intoxication  Tmut/Pois      28%        N/A       30%         5
 Yara's Violent Unravell  Hex/Tmut       21%        3d10      30%         5
 Lehudib's Crystal Spear  Conj/Erth      21%        10d6      100%        8


Dungeon Overview and Level Annotations

Branches:
Dungeon (11/15)            Temple (1/1) D:4            Lair (3/5) D:9
 Shoals (0/4) Lair:2          Orc (0/2) D:10
  Snake: Lair:2-3    Spider: Lair:2-3

Altars:
Ashenzari
Cheibriados
Dithmenos
Elyvilon
Fedhas
Gozag
Hepliaklqana
Kikubaaqudgha
Makhleb
Nemelex Xobeh
Okawaru
Qazlal
Ru
Sif Muna
Trog
Uskayaw
Vehumet
Wu Jian
Xom
Yredelemnul
Zin
The Shining One

Shops:
D:1 !

Annotations:
D:11 Urug


Innate Abilities, Weirdness & Mutations

You have very sharp teeth.
Your uncanny sense of smell can sniff out nearby items.
Your experience applies equally to all skills.


Message History

The catoblepas is lightly wounded.
The catoblepas gores you!
You slash the catoblepas! You burn the catoblepas.
The catoblepas is moderately wounded.
The catoblepas breathes a plume of calcifying dust at you.
The blast of calcifying dust hits you but does no damage.
You slice the catoblepas!! You burn the catoblepas! You bite the catoblepas.
The catoblepas is severely wounded.
You are engulfed in calcifying dust.
The catoblepas gores you!
Okay, then.
Okay, then.
Casting: Lesser Beckoning (mildly dangerous; 3% risk of failure)
Confirm with . or Enter, or press ? or * to list all spells.
Okay, then.
Casting: Lesser Beckoning (mildly dangerous; 3% risk of failure)
Confirm with . or Enter, or press ? or * to list all spells.
Aiming: Gell's Gravitas (mildly dangerous; 3% risk of failure)
Press: ? - help, Dir - move target, p - catoblepas Gravity reorients around empty space.
You are engulfed in calcifying dust.
You are slowing down.
The catoblepas breathes a plume of calcifying dust at you.
The blast of calcifying dust hits you!
* * * LOW HITPOINT WARNING * * *
The catoblepas breathes a plume of calcifying dust at you.
The blast of calcifying dust hits you but does no damage.
You have turned to stone.
You are engulfed in calcifying dust.
The catoblepas gores you. The catoblepas gores you!!
* * * LOW HITPOINT WARNING * * *
The catoblepas gores you.
* * * LOW HITPOINT WARNING * * *
The catoblepas gores you!!
* * * LOW HITPOINT WARNING * * *
The catoblepas gores you!!
* * * LOW HITPOINT WARNING * * *
The catoblepas gores you!
* * * LOW HITPOINT WARNING * * *
The catoblepas gores you. x2
The catoblepas gores you!!
You die...

...............................#
......<........................#
...............................#
.................#####...#####..#
.................#H..##.##.. .##
#####.#..........#.$~~###~~) #
########.........#.~..≈.≈..~
##.#.####........##~.......~
##....##P.......@Y##≈.~~~.≈#
#.....##..........'..~<~...
##....###.........##≈.~~~.≈#
........P........##~.......~
.....#...........#.~..≈.≈..~
....###..........#.Y~~###~~$
...#.#...........#(..## ..
#####............##### #
#..............


You could see a catoblepas.

Vanquished Creatures
  3 hydras
  A boulder beetle (D:11)
  A two-headed ogre (D:8)
  A manticore (D:11)
  Maggie (D:6)
  5 cane toads
  A rime drake (Lair:2)
  2 kobold demonologists (D:9)
  4 komodo dragons
  2 ice devils (Lair:1)
  2 trolls (D:10)
  8 blink frogs (Lair:2)
  Prince Ribbit (D:6)
  A hornet (D:8)
  27 yaks
  Sigmund (D:3)
  Eustachio (D:4)
  5 wraiths
  Menkaure (D:6)
  4 vampire mosquitoes (D:10)
  Edmund (D:4)
  3 water moccasins
  2 acid dragons
  2 orc warriors (D:10)
  5 ice beasts
  2 ogres (D:6)
  4 black bears
  A sky beast (D:7)
  9 centaurs
  2 phantoms (D:5)
  8 kobold brigands
  7 bullfrogs
  Blork the orc (D:4)
  A gnoll sergeant (D:8)
  A necrophage (D:5)
  2 scorpions
  17 wights
  7 killer bees
  3 howler monkeys
  An electric eel (D:9)
  3 hounds
  5 orc priests
  2 iguanas (D:6)
  9 orc wizards
  5 adders
  6 gnolls
  A shadow imp (D:7)
  2 white imps
  An ufetubus (D:6)
  An adder zombie (D:3)
  A worm (D:2)
  A dart slug (D:4)
  14 orcs
  2 ball pythons
  4 bats
  6 endoplasms
  2 giant cockroaches
  6 goblins
  10 hobgoblins
  4 jackals (D:4)
  A quokka (D:1)
  A giant cockroach zombie (D:3)
  22 kobolds
  3 rats
263 creatures vanquished.

Vanquished Creatures (collateral kills)
  2 kobolds (D:9)
2 creatures vanquished.

Vanquished Creatures (others)
  An orc wizard (D:7)
  An orc (D:6)
  2 kobolds (D:9)
  17 fungi
  23 plants (D:9)
44 creatures vanquished.

Grand Total: 309 creatures vanquished

Notes
Turn   | Place    | Note
-------+----------+-------------------------------------------
     0 | D:1      | wormed the Gnoll Monk began the quest for the Orb.
     0 | D:1      | Reached XP level 1. HP: 23/23 MP: 1/1
    22 | D:1      | Found Painian's Distillery.
   116 | D:1      | Reached XP level 2. HP: 23/29 MP: 2/2
   219 | D:1      | Found a faded altar of an unknown god.
   220 | D:1      | Noticed an eye of devastation
   222 | D:1      | Noticed an eye of devastation
   222 | D:1      | Noticed a golden eye
   222 | D:1      | Noticed a great orb of eyes
   581 | D:2      | Reached XP level 3. HP: 35/35 MP: 3/3
  1221 | D:3      | Noticed Sigmund
  1229 | D:2      | Reached skill level 1 in Invocations
  1362 | D:3      | Reached skill level 1 in Short Blades
  1362 | D:3      | Reached skill level 1 in Axes
  1362 | D:3      | Reached skill level 1 in Maces & Flails
  1362 | D:3      | Reached skill level 1 in Polearms
  1362 | D:3      | Reached skill level 1 in Staves
  1362 | D:3      | Reached skill level 1 in Ranged Weapons
  1362 | D:3      | Reached skill level 1 in Throwing
  1362 | D:3      | Reached skill level 1 in Armour
  1362 | D:3      | Reached skill level 1 in Shields
  1362 | D:3      | Reached skill level 1 in Unarmed Combat
  1362 | D:3      | Reached skill level 1 in Spellcasting
  1362 | D:3      | Reached skill level 1 in Evocations
  1451 | D:4      | Reached XP level 4. HP: 41/41 MP: 5/5
  1469 | D:4      | Noticed Edmund
  1499 | D:4      | Noticed Blork the orc
  1509 | D:4      | Found a staircase to the Ecumenical Temple.
  1517 | Temple   | Entered the Ecumenical Temple
  1812 | Temple   | Became a worshipper of Cheibriados the Contemplative
  1812 | Temple   | Reached * piety under Cheibriados
  1812 | Temple   | Reached ** piety under Cheibriados
  1853 | Temple   | Reached skill level 1 in Conjurations
  1853 | Temple   | Reached skill level 1 in Hexes
  1853 | Temple   | Reached skill level 1 in Summonings
  1853 | Temple   | Reached skill level 1 in Necromancy
  1853 | Temple   | Reached skill level 1 in Translocations
  1853 | Temple   | Reached skill level 1 in Transmutations
  1853 | Temple   | Reached skill level 1 in Fire Magic
  1853 | Temple   | Reached skill level 1 in Ice Magic
  1853 | Temple   | Reached skill level 1 in Air Magic
  1853 | Temple   | Reached skill level 1 in Earth Magic
  1853 | Temple   | Reached skill level 1 in Poison Magic
  1941 | Temple   | Reached XP level 5. HP: 39/47 MP: 7/7
  2338 | D:4      | Killed Blork the orc
  2339 | D:4      | Reached XP level 6. HP: 34/53 MP: 8/8
  2579 | D:4      | Noticed Eustachio
  2598 | D:4      | HP: 2/53 [quasit[Eustachio] (3)]
  2610 | D:4      | Killed Eustachio
  2849 | D:3      | Killed Sigmund
  2850 | D:3      | Reached XP level 7. HP: 49/60 MP: 10/10
  3196 | D:3      | Found a basalt altar of Yredelemnul.
  3684 | D:4      | Found a sacrificial altar of Ru.
  3693 | D:4      | Learned a level 3 spell: Call Canine Familiar
  3712 | D:4      | Killed Edmund
  3713 | D:4      | Reached skill level 5 in Stealth
  4139 | D:4      | Reached XP level 8. HP: 58/67 MP: 12/12
  4301 | D:5      | Entered Level 5 of the Dungeon
  4517 | D:5      | Reached *** piety under Cheibriados
  5546 | D:6      | Found a radiant altar of Vehumet.
  5716 | D:6      | Noticed Prince Ribbit
  5772 | D:6      | Reached XP level 9. HP: 51/73 MP: 14/14
  5906 | D:6      | Noticed Maggie
  5957 | D:6      | Killed Prince Ribbit
  6099 | D:6      | HP: 3/74 [white imp/puff of frost (7)]
  7043 | D:7      | Reached skill level 5 in Invocations
  7167 | D:7      | Found a shadowy altar of Dithmenos.
  7236 | D:7      | Reached **** piety under Cheibriados
  7829 | D:8      | Noticed a komodo dragon
  7843 | D:8      | Killed a komodo dragon
  8053 | D:8      | Reached skill level 5 in Short Blades
  8053 | D:8      | Reached skill level 5 in Axes
  8053 | D:8      | Reached skill level 5 in Maces & Flails
  8053 | D:8      | Reached skill level 5 in Polearms
  8053 | D:8      | Reached skill level 5 in Staves
  8053 | D:8      | Reached skill level 5 in Ranged Weapons
  8053 | D:8      | Reached skill level 5 in Throwing
  8053 | D:8      | Reached skill level 5 in Armour
  8053 | D:8      | Reached skill level 5 in Shields
  8053 | D:8      | Reached skill level 5 in Unarmed Combat
  8053 | D:8      | Reached skill level 5 in Spellcasting
  8053 | D:8      | Reached skill level 5 in Evocations
  8053 | D:8      | Reached XP level 10. HP: 77/81 MP: 17/17
  8484 | D:8      | Noticed a two-headed ogre
  8490 | D:8      | Killed a two-headed ogre
  8856 | D:6      | Noticed Menkaure
  8871 | D:6      | Killed Menkaure
  8903 | D:6      | Killed Maggie
  9314 | D:6      | Reached ***** piety under Cheibriados
  9337 | D:6      | Found a burning altar of Makhleb.
  9340 | D:6      | Noticed a cacodemon
  9344 | D:6      | Noticed an orange demon
  9344 | D:6      | Noticed an orange demon
  9419 | D:6      | Identified a scroll of acquirement
  9419 | D:6      | Acquired the ring of the Piercing Gods {rPois rF+ rCorr
                  | Str+3}
  9535 | D:9      | Found a staircase to the Lair.
 10092 | D:9      | Noticed a kobold demonologist
 10109 | D:9      | Learned a level 3 spell: Lesser Beckoning
 10113 | D:9      | Killed a kobold demonologist
 10114 | D:9      | Reached skill level 5 in Conjurations
 10114 | D:9      | Reached skill level 5 in Hexes
 10114 | D:9      | Reached skill level 5 in Summonings
 10114 | D:9      | Reached skill level 5 in Necromancy
 10114 | D:9      | Reached skill level 5 in Translocations
 10114 | D:9      | Reached skill level 5 in Transmutations
 10114 | D:9      | Reached skill level 5 in Fire Magic
 10114 | D:9      | Reached skill level 5 in Ice Magic
 10114 | D:9      | Reached skill level 5 in Air Magic
 10114 | D:9      | Reached skill level 5 in Earth Magic
 10114 | D:9      | Reached skill level 5 in Poison Magic
 10114 | D:9      | Reached XP level 11. HP: 89/89 MP: 16/20
 10119 | D:9      | Learned a level 3 spell: Gell's Gravitas
 10123 | D:9      | Learned a level 3 spell: Stone Arrow
 10604 | D:10     | Entered Level 10 of the Dungeon
 11002 | D:10     | Found a sparkling altar of Nemelex Xobeh.
 11149 | D:10     | Found a white marble altar of Elyvilon.
 11181 | D:10     | Found a staircase to the Orcish Mines.
 11417 | D:10     | Reached ****** piety under Cheibriados
 11584 | D:11     | Noticed a boulder beetle
 11605 | D:11     | Killed a boulder beetle
 11914 | D:11     | Noticed a manticore
 11921 | D:11     | Killed a manticore
 11937 | D:11     | Noticed Urug
 12079 | Lair:1   | Entered Level 1 of the Lair of Beasts
 12131 | Lair:1   | Reached XP level 12. HP: 54/97 MP: 22/22
 12842 | Lair:2   | Noticed an eight-headed hydra
 12847 | Lair:2   | Killed a seven-headed hydra
 12848 | Lair:2   | Reached skill level 10 in Fighting
 12848 | Lair:2   | Reached skill level 10 in Long Blades
 12848 | Lair:2   | Reached skill level 10 in Dodging
 13112 | Lair:2   | Noticed a seven-headed hydra
 13123 | Lair:2   | Killed a two-headed hydra
 13164 | Lair:2   | Found a staircase to the Shoals.
 13360 | Lair:2   | Identified the +5 shortbow of True Grit {heavy, Dex+4}
 13815 | Lair:3   | Noticed a five-headed hydra
 13824 | Lair:3   | Killed a one-headed hydra
 14028 | Lair:3   | Noticed a catoblepas
 14079 | Lair:3   | HP: 1/98 [catoblepas (5)]
 14082 | Lair:3   | Mangled by a catoblepas

Illustrated notes

Levels and vault maps discovered:
D:1:      dpeg_arrival_shelter, layout_rooms, serial_shops, nicolae_square_shop,
          hellmonk_ecumenical_altar_watching_god, minmay_octomino_c4
D:2:      layout_basic, serial_curves, eino_curves_03, eino_curves_01
D:3:      layout_basic, lemuel_zombie_altar_yredelemnul, st_stairs_10,
          uniq_sigmund
D:4:      layout_basic, hangedman_ru_absence, minmay_temple_entry_junction,
          uniq_blork_the_orc, uniq_eustachio, uniq_edmund
D:5:      layout_gridville
D:6:      layout_cave_pools, makhleb_altar_promises_db,
          overflow_temple_1_default, uniq_menkaure, uniq_maggie,
          uniq_prince_ribbit1
D:7:      layout_layer_cave, mainiacjoe_overflow_boulevard, enter_bailey_8,
          due_unseen_surprise
D:8:      layout_basic
D:9:      layout_cave_pools, lair_entry_dummy, special_room
          [special_room_kobold], hangedman_abyss_or_decor_lesser_grid,
          serial_bayou_lagoon_b
D:10:     layout_basic, nemelex_spade_bored_becter, overflow_temple_1_default,
          orc_david_3, grunt_ministairs_10
D:11:     layout_gridville, dreamdust_mushroom_princess, uniq_urug
Temple:   bh_familiar_temple
Lair:1:   layout_chaotic_city, portal_ice_cave_demonic_guard,
          infiniplex_staircase_pool_2
Lair:2:   layout_regular_city, shoals_dummy_entry
Lair:3:   nzn_motion_control, layout_regular_city, guppyfry_snake_entry_island,
          minivault_19, minivault_23, kennysheep_catoblepas_arena

Skill      XL: |  1  2  3  4  5  6  7  8  9 10 11 12 |
---------------+-------------------------------------+-----
Invocations    | 1 2 3 4 5 6 7 8 |  8.7
Short Blades   | 1 2 3 5 6 7 8 |  8.0
Axes           | 1 2 3 5 6 7 8 |  8.0
Maces & Flails | 1 2 3 5 6 7 8 |  8.0
Polearms       | 1 2 3 5 6 7 8 |  8.0
Staves         | 1 2 3 5 6 7 8 |  8.0
Ranged Weapons | 1 2 3 5 6 7 8 |  8.0
Throwing       | 1 2 3 5 6 7 8 |  8.0
Armour         | 1 2 3 5 6 7 8 |  8.0
Shields        | 1 2 3 5 6 7 8 |  8.0
Unarmed Combat | 1 2 3 5 6 7 8 |  8.0
Spellcasting   | 1 2 3 5 6 7 8 |  8.0
Evocations     | 1 2 3 5 6 7 8 |  8.0
Conjurations   | 1 2 3 4 5 6 |  6.6
Hexes          | 1 2 3 4 5 6 |  6.6
Summonings     | 1 2 3 4 5 6 |  6.6
Necromancy     | 1 2 3 4 5 6 |  6.6
Translocations | 1 2 3 4 5 6 |  6.6
Transmutations | 1 2 3 4 5 6 |  6.6
Fire Magic     | 1 2 3 4 5 6 |  6.6
Ice Magic      | 1 2 3 4 5 6 |  6.6
Air Magic      | 1 2 3 4 5 6 |  6.6
Earth Magic    | 1 2 3 4 5 6 |  6.6
Poison Magic   | 1 2 3 4 5 6 |  6.6
Fighting       | 7 8 9 10 | 10.4
Long Blades    | 7 8 9 10 | 10.4
Dodging        | 7 8 9 10 | 10.4
Stealth        | 5 6 7 8 9 |  9.1

Action                   |  1- 3 |  4- 6 |  7- 9 | 10-12 || total
-------------------------+-------+-------+-------+-------++-------
Melee: Falchion          |    80 |    42 |       |       ||   122
       Bite              |     7 |    12 |    37 |    78 ||   134
       Punch             |     2 |     1 |     4 |       ||     7
       Long sword        |       |    38 |   265 |   568 ||   871
Throw: Javelin           |       |       |     5 |     9 ||    14
 Cast: Call Canine Famil |       |       |     3 |     3 ||     6
       Lesser Beckoning  |       |       |       |    13 ||    13
       Stone Arrow       |       |       |       |    24 ||    24
       Gell's Gravitas   |       |       |       |     1 ||     1
Invok: Bend Time         |       |     1 |       |     1 ||     2
Evoke: Wand              |       |       |     9 |       ||     9
  Use: Potion            |       |     9 |     3 |       ||    12
       Scroll            |       |       |    12 |     9 ||    21
 Stab: Sleeping          |     7 |     1 |     4 |     6 ||    18
       Invisible         |       |     3 |       |       ||     3
       Distracted        |       |       |     1 |     1 ||     2
Armor: Robe              |     6 |       |       |       ||     6
       Leather armour    |    10 |    29 |    69 |    15 ||   123
       Skin              |       |    26 |       |       ||    26
       Steam dragon scal |       |       |       |    37 ||    37
       Troll leather arm |       |       |       |    85 ||    85
Dodge: Dodged            |    61 |   194 |   262 |   550 ||  1067
Block: Buckler           |       |       |    36 |    10 ||    46
       Kite shield       |       |       |       |   545 ||   545

Table legend: (Time is in decaauts)
 A = Elapsed time spent in this place.
 B = Non-inter-level travel time spent in this place.
 C = Inter-level travel time spent in this place.
 D = Time resting spent in this place.
 E = Time spent auto-exploring this place.
 F = Levels seen in this place.
 G = Mean time per level.
                   A        B        C        D        E       F      G
               +--------+--------+--------+--------+--------+-----+--------+
         Total |  19809 |  18304 |   1505 |   1219 |  13839 |  15 | 1320.6 |
       Dungeon |  15376 |  14012 |   1364 |    989 |  10402 |  11 | 1397.8 |
        Temple |    803 |    772 |     31 |    230 |    390 |   1 |  803.0 |
          Lair |   3629 |   3519 |    110 |      0 |   3047 |   3 | 1209.7 |
               +--------+--------+--------+--------+--------+-----+--------+

Top non-repeatable levels by time:
     D:7: 2467 daAuts
     D:5: 1947 daAuts
     D:8: 1856 daAuts
  Lair:2: 1741 daAuts
     D:4: 1733 daAuts
     D:9: 1404 daAuts
     D:6: 1397 daAuts
  Lair:1: 1383 daAuts
     D:3: 1339 daAuts
    D:10: 1334 daAuts
  Temple: 803 daAuts
     D:2: 793 daAuts
    D:11: 569 daAuts
     D:1: 531 daAuts
  Lair:3: 505 daAuts
